 Dungeon Crawl Stone Soup version 0.21.1-1-g345015fe64 (webtiles) character file.

12182 Henning the Cleaver (level 11, 0/97 HPs)
             Began as a Minotaur Fighter on June 13, 2018.
             Was a Priest of Trog.
             Killed by vampiric draining
             ... invoked by Josephine
              (2 damage)
             ... on level 11 of the Dungeon.
             The game lasted 00:56:10 (12013 turns).

Henning the Cleaver (Minotaur Fighter)             Turns: 12013, Time: 00:56:10

Health: 0/97       AC: 19    Str: 28    XL:     11   Next: 59%
Magic:  10/10      EV:  7    Int:  5    God:    Trog [***...]
Gold:   669        SH: 17    Dex: 15    Spells: 10/10 levels left

rFire    + + .     SeeInvis +   a - +1 war axe
rCold    . . .     Gourm    .   c - +1 shield
rNeg     . . .     Faith    .   D - +3 plate armour
rPois    .         Spirit   .   l - +2 hat
rElec    .         Reflect  +   (no cloak)
rCorr    .         Harm     .   (no gloves)
MR       .....                  h - +0 pair of boots
Stlth    ..........             A - +4 amulet of reflection
HPRegen  0.26/turn              G - ring of see invisible
MPRegen  0.12/turn              J - +4 ring of dexterity

@: mighty, berserk cooldown, slowed, heavily drained, very slow
A: retaliatory headbutt, horns 2, fire resistance 2, wild magic 1
a: Berserk, Trog's Hand, Burn Spellbooks, Renounce Religion


You were on level 11 of the Dungeon.
You worshipped Trog.
Trog was most pleased with you.
You were very hungry.

You visited 3 branches of the dungeon, and saw 14 of its levels.

You collected 669 gold pieces.

Inventory:

Hand Weapons
 a - a +1 war axe (weapon)
 y - a +3 hand axe
Missiles
 B - 12 tomahawks (quivered)
Armour
 c - a +1 shield (worn)
 h - a +0 pair of boots (worn)
 l - a +2 hat (worn)
 D - a +3 plate armour (worn)
Jewellery
 A - a +4 amulet of reflection (around neck)
 G - a ring of see invisible (left hand)
 I - an uncursed amulet of faith
 J - a +4 ring of dexterity (right hand)
Wands
 b - a wand of acid (10)
 i - a wand of disintegration (12)
 t - a wand of flame (55)
 x - a wand of iceblast (5)
 F - a wand of digging (19)
Scrolls
 j - 4 scrolls of remove curse
 k - a scroll of blinking
 n - a scroll of fear {unknown}
 r - a scroll of summoning {unknown}
 s - 5 scrolls of identify
 u - a scroll of fog {unknown}
 v - 2 scrolls of noise
Potions
 d - 2 potions of might
 e - 2 potions of mutation
 g - 3 potions of brilliance
 m - 6 potions of curing
 o - 4 potions of agility
 p - a potion of degeneration {unknown}
 q - 3 potions of cancellation
 w - a potion of resistance
 z - 2 potions of flight
 C - 2 potions of haste
Miscellaneous
 E - a fan of gales
Comestibles
 f - 16 rations
 K - 4 chunks of flesh


   Skills:
 + Level 9.2(6.1) Fighting
 + Level 12.9(9.4) Axes
 + Level 4.4(1.6) Throwing
 + Level 9.8(6.6) Armour
 + Level 4.8(2.0) Dodging
 + Level 1.2(0.0) Stealth
 + Level 10.8(7.5) Shields
 + Level 0.6(0.0) Evocations


You had 10 spell levels left.
You didn't know any spells.

Dungeon Overview and Level Annotations

Branches:
Dungeon (11/15)            Temple (1/1) D:6            Lair (2/6) D:9
  Swamp: Lair:2-4    Shoals: Lair:2-4     Snake: Lair:2-4    Spider: Lair:2-4
    Orc: D:9-12

Altars:
Ashenzari
Cheibriados
Dithmenos
Elyvilon
Fedhas
Gozag
Hepliaklqana
Kikubaaqudgha
Makhleb
Nemelex Xobeh
Okawaru
Qazlal
Ru
Sif Muna
Trog
Uskayaw
Vehumet
Wu Jian
Xom
Yredelemnul
Zin
The Shining One

Annotations:
D:11 Josephine


Innate Abilities, Weirdness & Mutations

You reflexively headbutt those who attack you in melee.
You have a pair of horns on your head.
Your flesh is very heat resistant. (rF++)
Your spells are a little harder to cast, but a little more powerful.


Message History

* * * LOW HITPOINT WARNING * * *
The ghostly fireball engulfs Josephine.
Josephine completely resists.
You feel very mighty all of a sudden.
Josephine points at you and mumbles some strange words.
The ghostly flame explodes!
The ghostly fireball engulfs you!
You feel drained.
The ghostly fireball engulfs Josephine.
Josephine completely resists.
Josephine hits you with a dagger.
* * * LOW HITPOINT WARNING * * *
You slash Josephine!
Josephine is almost dead.
You block Josephine's attack.
Unknown command.
You closely miss Josephine. Your headbutt misses Josephine.
Josephine is almost dead.
Josephine is infused with unholy energy.
* * * LOW HITPOINT WARNING * * *
Josephine draws life force from you and is healed!
Josephine hits you but does no damage.
Josephine is infused with unholy energy.
You die...

...............#..#.....#
...............#..'.....#
...............#..#.....#
..............####.....##
#.....###'##............
#.....#....#............
#.....#....#............
#.....@....#............
#.......#@..##............
#########...##############
.....+ ......# #......#
#......# #......# ########


You could see Josephine.

Vanquished Creatures
  A two-headed ogre (D:9)
  A manticore (D:11)
  A queen bee (D:9)
  A hornet (D:9)
  2 hippogriffs
  3 wraiths (D:11)
  6 yaks
  Grum (D:11)
  2 hungry ghosts
  Edmund (D:6)
  Duvessa (D:7)
  2 water moccasins (Lair:2)
  A porcupine (Lair:2)
  An ice beast (D:8)
  3 sky beasts
  7 orc warriors
  2 phantoms (D:5)
  2 black bears
  4 ogres
  3 wolves (D:11)
  The ghost of petercordia the Gusty, an amateur GnWn (D:4)
  3 big kobolds
  4 bullfrogs
  Dowan (D:7)
  6 scorpions
  29 killer bees
  A howler monkey (D:10)
  9 wights (D:8)
  2 bullfrog zombies
  2 centaur zombies
  A quasit (D:10)
  Crazy Yiuf (D:7)
  4 hounds
  A jelly (D:10)
  A centaur skeleton (D:4)
  7 orc priests
  9 orc wizards
  3 bullfrog skeletons
  Terence (D:3)
  5 iguanas
  Natasha (D:3)
  6 worker ants
  A hound skeleton (D:9)
  Robin (D:3)
  14 adders
  A shadow imp (D:7)
  An ooze (D:2)
  2 adder skeletons (D:4)
  2 worms
  4 leopard geckos
  67 orcs
  4 giant cockroaches
  22 goblins
  11 hobgoblins
  18 jackals
  8 quokkas
  2 ball pythons
  3 bats
  4 frilled lizards
  2 jackal skeletons
  14 kobolds
  A leopard gecko zombie (D:7)
  6 rats
  4 fungi (D:7)
  A plant (Lair:1)
336 creatures vanquished.

Vanquished Creatures (collateral kills)
  Gastronok (Lair:1)
  A hydra (Lair:1)
  4 yaks (Lair:1)
  A basilisk (Lair:2)
  3 water moccasins
10 creatures vanquished.

Vanquished Creatures (others)
  A centaur (D:9)
  A quokka (D:9)
  A fungus (Lair:2)
  A plant (Lair:2)
4 creatures vanquished.

Grand Total: 350 creatures vanquished

Notes
Turn   | Place    | Note
-------+----------+-------------------------------------------
     0 | D:1      | Henning the Minotaur Fighter began the quest for the Orb.
     0 | D:1      | Reached XP level 1. HP: 19/19 MP: 0/0
    94 | D:2      | Reached XP level 2. HP: 24/27 MP: 1/1
   216 | D:2      | Reached XP level 3. HP: 32/34 MP: 2/2
   395 | D:2      | Noticed a big kobold
   409 | D:2      | Killed a big kobold
   409 | D:2      | Reached skill level 3 in Axes
   409 | D:2      | Reached XP level 4. HP: 36/41 MP: 3/3
   615 | D:3      | Noticed Robin
   627 | D:3      | Killed Robin
   632 | D:3      | Reached XP level 5. HP: 41/47 MP: 4/4
   724 | D:3      | Reached skill level 4 in Axes
   757 | D:3      | Reached skill level 1 in Throwing
  1051 | D:3      | Reached skill level 1 in Dodging
  1321 | D:3      | Found a bloodstained altar of Trog.
  1329 | D:3      | Became a worshipper of Trog the Wrathful
  1330 | D:3      | Reached XP level 6. HP: 55/55 MP: 5/5
  1415 | D:3      | Noticed Terence
  1426 | D:3      | Killed Terence
  1679 | D:3      | Reached skill level 5 in Axes
  1819 | D:3      | Noticed Natasha
  1825 | D:3      | Killed Natasha
  2048 | D:4      | Noticed petercordia's ghost (amateur GnWn)
  2065 | D:4      | Reached skill level 5 in Fighting
  2065 | D:4      | Reached skill level 5 in Shields
  2079 | D:4      | Killed petercordia's ghost
  2079 | D:4      | Reached * piety under Trog
  2079 | D:4      | Reached XP level 7. HP: 29/61 MP: 6/6
  2157 | D:4      | Reached skill level 6 in Axes
  2724 | D:5      | Entered Level 5 of the Dungeon
  2724 | D:5      | Found a deep blue altar of Sif Muna.
  2847 | D:5      | Reached skill level 5 in Armour
  2983 | D:5      | Found a shattered altar of Ashenzari.
  2994 | D:5      | Found an ornate altar of the Wu Jian Council.
  3079 | D:5      | Reached skill level 7 in Axes
  3079 | D:5      | Reached XP level 8. HP: 66/69 MP: 7/7
  3775 | D:1      | Reached ** piety under Trog
  4448 | D:6      | Noticed Edmund
  4480 | D:6      | Killed Edmund
  4480 | D:6      | Reached skill level 8 in Axes
  4681 | D:6      | Found a staircase to the Ecumenical Temple.
  4691 | Temple   | Entered the Ecumenical Temple
  5002 | D:6      | Reached XP level 9. HP: 47/77 MP: 8/8
  5316 | D:6      | Reached skill level 9 in Axes
  5896 | D:7      | Noticed Duvessa
  5899 | D:7      | Noticed Dowan
  5973 | D:7      | Killed Dowan
  5973 | D:7      | Reached *** piety under Trog
  5978 | D:7      | Killed Duvessa
  6331 | D:7      | Found a runed door.
  6335 | D:7      | Noticed Crazy Yiuf
  6344 | D:7      | Killed Crazy Yiuf
  6778 | D:8      | Reached skill level 10 in Axes
  7252 | D:8      | Reached **** piety under Trog
  7776 | D:8      | Reached XP level 10. HP: 84/86 MP: 9/9
  7800 | D:8      | Reached ***** piety under Trog
  8335 | D:10     | Entered Level 10 of the Dungeon
  8519 | D:10     | Reached skill level 11 in Axes
  8861 | D:9      | Noticed a two-headed ogre
  8877 | D:9      | Killed a two-headed ogre
  9095 | D:9      | Reached skill level 1 in Stealth
  9108 | D:9      | Reached skill level 12 in Axes
  9110 | D:9      | HP: 4/88 [poisoned by a killer bee]
  9115 | D:9      | HP: 3/88 [poisoned by a killer bee]
  9123 | D:9      | HP: 3/88 [poisoned by a killer bee]
 10134 | D:9      | Found a staircase to the Lair.
 10154 | Lair:1   | Entered Level 1 of the Lair of Beasts
 10235 | Lair:1   | Noticed a six-headed hydra
 10284 | Lair:2   | Reached XP level 11. HP: 57/95 MP: 10/10
 10431 | Lair:2   | Received a gift from Trog
 10555 | Lair:1   | Killed a nine-headed hydra
 10555 | Lair:1   | Reached skill level 10 in Shields
 10560 | Lair:1   | Noticed Gastronok
 10569 | Lair:1   | Killed Gastronok
 11270 | D:10     | Gained mutation: Your flesh is heat resistant. (rF+) [potion of mutation]
 11270 | D:10     | Gained mutation: Your flesh is very heat resistant. (rF++) [potion of mutation]
 11270 | D:10     | Gained mutation: Your spells are a little harder to cast, but a little more powerful. [potion of mutation]
 11737 | D:11     | Noticed Grum
 11750 | D:11     | Killed Grum
 11981 | D:11     | Noticed Josephine
 12012 | D:11     | HP: 2/97 [Josephine/vampiric draining (9)]
 12013 | D:11     | Killed from afar by Josephine

Skill      XL: |  1  2  3  4  5  6  7  8  9 10 11 |
---------------+----------------------------------+-----
Fighting       | 4 5 6 7 8 9 |  9.2
Shields        | 4 5 6 7 9 10 | 10.8
Axes           | 3 4 5 7 8 10 12 | 12.9
Armour         | 4 5 6 7 8 9 |  9.8
Throwing       | 1 2 3 4 |  4.4
Dodging        | 1 2 3 4 |  4.8
Stealth        | 1 |  1.2
Evocations     | |  0.6

Action                   |  1- 3 |  4- 6 |  7- 9 | 10-12 || total
-------------------------+-------+-------+-------+-------++-------
Melee: War axe           |    65 |   167 |   422 |   355 ||  1009
       Headbutt          |    10 |    27 |    70 |    89 ||   196
Throw: Tomahawk          |     5 |    40 |    42 |    19 ||   106
Invok: Burn Spellbooks   |       |       |     3 |       ||     3
       Berserk           |       |       |       |     3 ||     3
       Trog's Hand       |       |       |       |     4 ||     4
       Brothers in Arms  |       |       |       |     3 ||     3
Evoke: Wand              |       |       |       |     3 ||     3
  Use: Scroll            |       |       |    12 |    14 ||    26
       Potion            |       |       |       |     6 ||     6
  Eat: Chunk             |       |     4 |    18 |    11 ||    33
       Ration            |       |       |     1 |     2 ||     3
Armor: Scale mail        |    32 |    80 |    90 |       ||   202
       Plate armour      |       |       |     8 |   176 ||   184
Dodge: Dodged            |    12 |    62 |   112 |    95 ||   281
Block: Shield            |    27 |   109 |   263 |   388 ||   787
       Reflection        |       |       |     5 |     8 ||    13
